AoeStats
← [GDL] HANNIBAL

Black Forest

509282825Analyzed
4v4 RM · 6d ago on Sep 26, 2026· 36m 49s· 8 players
Game mode
Random Map
Map size
Large (8 player)
Population
200
Speed
Normal
Resources
Standard
Victory
Conquest
Starting age
Dark Age
Ending age
Imperial Age
RankedLock teamsTeams togetherTeam positionsShared explorationLock speedFull tech treeHidden civsTurbo modeCheats
Victory
Defeat
🇨🇳 Poles · China
1436
+17
🇨🇦 Vietnamese · Canada
1433
+17
🇲🇽 Lithuanians · Mexico
1429
+18
🇨🇳 Turks · China
1414
+18
🇹🇼 Bohemians · Taiwan
1544
-21
🇳🇿 Varangians · New Zealand
1482
-18
🇷🇺 Khmer · Russia
1433
-16
🇲🇽 Persians · Mexico
1396
-15
< Cobrander >
0:33 Loom
16:03 Feudal Age
22:11 Castle Age
21:04 Double-Bit Axe
21:12 Gold Mining
21:19 Fletching
21:43 Horse Collar
21:51 Fishing Lines
23:25 Bow Saw
24:37 Gillnets
24:59 Bodkin Arrow
27:31 Wheelbarrow
32:23 Imperial Age
31:01 Padded Archer Armor
31:22 Hand Cart
32:22 Ballistics
34:10 Chemistry
33:14 Bracer
32:39 Crossbowman
34:12 Leather Archer Armor
33:57 Arbalester
34:42 Thumb Ring
35:04 Stone Mining
[VL] mardang
1:28 Loom
13:36 Feudal Age
14:23 Double-Bit Axe
17:20 Castle Age
20:21 Horse Collar
20:51 Bow Saw
21:53 Heavy Plow
22:10 Town Watch
22:34 Fishing Lines
25:30 Wheelbarrow
25:34 Gillnets
26:16 Gold Mining
27:01 Scale Mail Armor
30:14 Imperial Age
28:21 Scale Mail Armor
28:32 Forging
28:47 Hand Cart
29:17 Chain Mail Armor
28:55 Treadmill Crane
29:36 Pikeman
31:14 Iron Casting
30:51 Squires
31:20 Conscription
30:25 Halberdier
31:51 Tower Shields
34:36 Caravan
35:39 Stone Mining
37:59 Chemistry
37:11 Masonry
37:05 Fletching
卫星点灯
12:28 Feudal Age
13:27 Double-Bit Axe
16:16 Castle Age
16:05 Wheelbarrow
15:13 Fishing Lines
17:23 Bow Saw
19:16 Hand Cart
19:50 Horse Collar
20:12 Gillnets
22:29 Stone Mining
22:52 Heavy Plow
29:00 Imperial Age
26:30 Gold Mining
27:33 Scale Barding Armor
27:38 Forging
28:17 Szlachta Privileges
29:35 Chain Barding Armor
29:50 Iron Casting
29:05 Loom
29:06 Town Watch
30:07 Conscription
30:33 Crop Rotation
29:45 Cavalier
30:25 Husbandry
30:50 Onager
31:05 Light Cavalry
31:56 Bloodlines
33:02 Blast Furnace
31:47 Winged Hussar
33:39 Stone Shaft Mining
34:44 Lechitic Legacy
伟少
5:29 Loom
11:00 Feudal Age
11:33 Double-Bit Axe
17:42 Fishing Lines
21:41 Castle Age
20:10 Gold Mining
22:36 Gillnets
23:05 Bow Saw
24:03 Gold Shaft Mining
26:02 Imperial Age
25:57 Padded Archer Armor
26:59 Clinker Construction
27:04 Guilds
27:54 Leather Archer Armor
28:21 Bombard Tower
29:32 Stone Mining
30:51 Two-Man Saw
30:48 Fortified Wall
[GDL] HANNIBAL
13:03 Feudal Age
16:49 Castle Age
15:01 Double-Bit Axe
15:30 Fishing Lines
18:08 Bow Saw
25:25 Wheelbarrow
24:46 Stone Mining
25:06 Horse Collar
26:27 Scale Barding Armor
28:59 Imperial Age
26:23 Gold Mining
26:51 Hand Cart
27:16 Gillnets
28:04 Chain Barding Armor
27:47 Husbandry
27:55 Town Watch
28:26 Forging
28:35 Heavy Plow
29:08 Bloodlines
30:11 Plate Barding Armor
30:33 Conscription
30:49 Loom
32:00 Elite War Elephant
34:09 Iron Casting
34:09 Fletching
34:20 Padded Archer Armor
34:46 Ballistics
35:31 Thumb Ring
37:35 Blast Furnace
Adam
9:32 Loom
11:36 Feudal Age
12:53 Double-Bit Axe
12:55 Horse Collar
13:19 Fishing Lines
17:36 Castle Age
18:29 Bow Saw
18:36 Heavy Plow
19:45 Gillnets
24:08 Wheelbarrow
25:53 Hand Cart
28:17 Imperial Age
25:33 Town Watch
25:55 Scale Mail Armor
27:45 Chain Mail Armor
27:40 Forging
27:45 Chain Mail Armor
27:41 Forging
27:56 Masonry
28:47 Chemistry
27:21 Pikeman
28:01 Squires
27:46 Arson
28:27 Halberdier
32:01 Two-Man Saw
32:18 Siege Engineers
32:44 Architecture
31:52 Houfnice
34:14 Coinage
33:55 Guilds
ImprovingYeti
0:44 Loom
11:52 Feudal Age
17:09 Castle Age
15:05 Fishing Lines
16:00 Double-Bit Axe
19:44 Gold Mining
20:54 Town Watch
23:42 Gillnets
26:47 Bow Saw
26:54 Scale Barding Armor
27:25 Forging
28:15 Wheelbarrow
28:07 Chain Barding Armor
28:38 Bloodlines
28:34 Husbandry
29:47 Iron Casting
33:50 Imperial Age
32:33 Hand Cart
32:21 Squires
32:06 Arson
33:19 Scale Mail Armor
34:09 Elite Varangian Guard
35:27 Chain Mail Armor
37:21 Plate Mail Armor
37:51 Blast Furnace
YuriiVegas
0:59 Loom
19:11 Feudal Age
23:03 Castle Age
23:01 Double-Bit Axe
23:19 Horse Collar
24:26 Bow Saw
30:44 Imperial Age
28:39 Heavy Plow
29:11 Gold Mining
31:25 Gold Shaft Mining
31:46 Wheelbarrow
33:43 Illumination
34:18 Redemption
35:26 Sanctity
Connection lost

Rejoining the realm…

Still unreachable

The connection could not be restored.

Session expired

The server has moved on; the page needs a fresh start.